 Dungeon Crawl Stone Soup version 0.22-a0-542-gce4f928 (webtiles) character file.

45 iamserjio the Grave Robber (level 3, -4/23 HPs)
             Began as an Octopode Wanderer on June 24, 2018.
             Slain by a kobold
             ... wielding a +0 short sword
              (8 damage)
             ... on level 2 of the Dungeon.
             The game lasted 00:02:54 (1628 turns).

iamserjio the Grave Robber (Octopode Wanderer)      Turns: 1628, Time: 00:02:55

Health: -4/23      AC:  1    Str: 10    XL:     3   Next: 64%
Magic:  4/4        EV: 13    Int: 17    God:
Gold:   86         SH:  0    Dex: 10    Spells: 4/4 levels left

rFire    . . .     SeeInvis .   d - +0 dagger
rCold    . . .     Gourm    .   (no shield)
rNeg     . . .     Faith    .   (helmet restricted)
rPois    .         Spirit   .   (no amulet)
rElec    .         Reflect  .   (no ring)
rCorr    .         Harm     .   (no ring)
MR       .....                  (no ring)
Stlth    +++.......             (no ring)
HPRegen  0.07/turn              (no ring)
MPRegen  0.09/turn              (no ring)
                                (no ring)
                                (no ring)

@: no status effects
A: almost no armour, stealthy swim, amphibious, 8 rings, constrict 8, camouflage
1, gelatinous body 1
a: no special abilities


You were on level 2 of the Dungeon.
You were not hungry.

You visited 1 branch of the dungeon, and saw 2 of its levels.

You collected 86 gold pieces.

Inventory:

Hand Weapons
 d - a +0 dagger (weapon)
 e - a cursed +0 spear
 h - a +0 spear
 k - a cursed -2 short sword
Missiles
 a - 8 tomahawks (quivered)
 g - 8 stones
Jewellery
 j - an uncursed ring of protection from fire {unknown}
Scrolls
 c - a scroll of enchant armour {unknown}
 i - a scroll of random uselessness {unknown}
 l - a scroll of identify {unknown}
 m - 3 scrolls of remove curse {unknown}
Potions
 b - 2 potions of heal wounds {unknown}
 n - a potion of haste {unknown}
 o - a potion of lignification {unknown}
Comestibles
 f - 6 rations


   Skills:
 + Level 1.5 Fighting
 - Level 0.7 Short Blades
 - Level 1.0 Throwing
 + Level 1.5 Dodging
 + Level 2.8 Stealth
 - Level 1.0 Spellcasting
   Level 2.0 Conjurations
   Level 5.0 Necromancy


You had 4 spell levels left.
You didn't know any spells.
Your spell library contained the following spells:

 Spells                   Type           Power        Failure   Level  Hunger
 Magic Dart               Conj           #...         10%         1    ##.....
 Apportation              Tloc           #.....       22%         1    ##.....
 Conjure Flame            Conj/Fire      #.......     38%         3    ####...
 Iskenderun's Mystic Bla  Conj           #.......     67%         4    #####..
 Shock                    Conj/Air       #...         14%         1    ##.....
 Recall                   Summ/Tloc      N/A          54%         3    ####...
 Fulminant Prism          Conj/Hex       #.........   80%         4    #####..
 Dazzling Spray           Conj/Hex       #.....       38%         3    ####...
 Force Lance              Conj/Tloc      #.......     80%         4    #####..
 Searing Ray              Conj           #.....       14%         2    ###....


Dungeon Overview and Level Annotations

Branches:
Dungeon (2/15)

Altars:


Innate Abilities, Weirdness & Mutations

You cannot wear most types of armour.
You are very stealthy in the water. (Stealth+)
You are amphibious.
You can wear up to eight rings at the same time.
You can use your tentacles to constrict eight enemies at once.
Your skin changes colour to match your surroundings (Stealth+).
Your rubbery body absorbs attacks. (AC +1, EV +1)


Message History

You hit the hobgoblin but do no damage.
The hobgoblin is severely wounded.
You constrict the hobgoblin. You hit the hobgoblin but do no damage.
The hobgoblin is almost dead.
You constrict the hobgoblin, but do no damage.
The hobgoblin hits you with a club.
You barely miss the hobgoblin.
The hobgoblin is almost dead.
You constrict the hobgoblin.
You kill the hobgoblin!
Eat one of 3 chunks of flesh? (ye/n/q)
You eat one of the 3 chunks of flesh.
This raw flesh tastes terrible.
Things that are here:
a club; a rat corpse The kobold hits you with a short sword.
* * * LOW HITPOINT WARNING * * *
You hit the kobold but do no damage. You grab the kobold.
You constrict the kobold. The kobold hits you with a short sword!
You die...

#######...#####
##.#.# ####
##.###......
######.## #...
.........###..##.
#########.#)# #
#.%.# #)#$# #@#.#
#K#.. #.##.% #.#
... #.# ...# #..
.... ... #..


You could see a kobold.

Vanquished Creatures
  2 worms (D:2)
  A leopard gecko (D:1)
  2 giant cockroaches (D:1)
  4 goblins (D:1)
  5 hobgoblins
  5 jackals
  4 kobolds (D:1)
  5 bats (D:1)
  A frilled lizard (D:1)
  6 rats
35 creatures vanquished.

Notes
Turn   | Place    | Note
-------+----------+-------------------------------------------
     0 | D:1      | iamserjio the Octopode Wanderer began the quest for the Orb.
     0 | D:1      | iamserjio set off with: a +0 dagger, a ration
     0 | D:1      | Reached XP level 1. HP: 11/11 MP: 2/2
   424 | D:1      | Reached XP level 2. HP: 13/18 MP: 3/3
   644 | D:1      | Reached skill level 1 in Fighting
   687 | D:1      | Reached skill level 1 in Dodging
   708 | D:1      | Reached XP level 3. HP: 9/23 MP: 4/4
  1628 | D:2      | Slain by a kobold

Vault maps used:
D:1:      elethiomel_arrival_shortcut, minmay_heptomino_l4
D:2:      overflow_temple_1_default, first_ration

Skill      XL: |  1  2 |
---------------+-------+-----
Stealth        | 2 |  2.8
Fighting       | 1 |  1.5
Dodging        | 1 |  1.5
Short Blades   | |  0.7
Throwing       | |  1.0
Spellcasting   | |  1.0
Conjurations   | |  2.0
Necromancy     | |  5.0

Action                   || total
-------------------------++-------
Melee: Dagger            ||   113
       Constrict         ||    28
       Tentacles         ||    15
 Stab: Sleeping          ||     3
       Distracted        ||     1
  Eat: Chunk             ||     2
Armor: Skin              ||    10
Dodge: Dodged            ||    93

Table legend:
 A = Spawn XP
 B = Non-spawn XP
 C = Spawn XP percentage of total XP
 D = Spawn monster count
 E = Non-spawn monster count
 F = Spawn count percentage of total count
 G = Total turns spent on level
                    A         B        C        D         E        F      G
               +---------+---------+-------+---------+---------+-------+---------
         Total |       0 |      65 |   0.0 |       0 |      35 |   0.0 |  1628
               +---------+---------+-------+---------+---------+-------+---------
           D:1 |       0 |      46 |   0.0 |       0 |      28 |   0.0 |  1537
           D:2 |       0 |      19 |   0.0 |       0 |       7 |   0.0 |    91
               +---------+---------+-------+---------+---------+-------+---------
